 Dungeon Crawl Stone Soup version 0.29.1-15-g9cfb28693d (webtiles) character file.

Game seed: 11016524063105988768

62369 growler the Black Belt (level 14, -10/158 (164) HPs)
             Began as a Pale Draconian Transmuter on Feb 27, 2023.
             Was a High Priest of Wu Jian.
             Mangled by a soul eater (17 damage)
             ... summoned by an orc sorcerer
             ... on level 2 of the Orcish Mines.
             The game lasted 00:58:36 (25919 turns).

growler the Black Belt (Pale Draconian Transmuter) Turns: 25919, Time: 00:58:37

HP:   -10/158 (164) AC: 11    Str: 13    XL:     14   Next: 64%
MP:   14/20         EV: 15    Int: 15    God:    Wu Jian [*****.]
Gold: 2301          SH:  0    Dex: 21    Spells: 11/21 levels left

rFire   x . .      SeeInvis .     - Unarmed
rCold   + + +      Faith    .   (shield currently unavailable)
rNeg    . . .      Spirit   .   (body armour unavailable)
rPois   +          Reflect  .   (helmet currently unavailable)
rElec   .          Harm     .   (cloak currently unavailable)
rCorr   .          Rampage  .   (gloves currently unavailable)
Will    +....                   (boots currently unavailable)
Stlth   +++.......              (no amulet)
HPRegen 0.36/turn               C - +6 ring of dexterity
MPRegen 0.17/turn               K - +4 ring of protection

@: exhausted, ice-form, marked, wereblooded, lightly drained, invisible
A: freezing attack, amphibious, boosted hp, (breathe steam), AC +8, large,
unfitting armour, (cold-blooded), (steam resistance)
a: End Transformation, Renounce Religion, Wall Jump, Serpent's Lash, Heavenly
Storm


You were on level 2 of the Orcish Mines.
You worshipped Wu Jian.
Wu Jian was extremely pleased with you.
You were a creature of crystalline ice.
You visited 4 branches of the dungeon, and saw 20 of its levels.
You also visited: Ice Cave.

You collected 2423 gold pieces.
You spent 122 gold pieces at shops.

Inventory:

Missiles
 u - 7 atropa-tipped darts
Armour
 a - a +0 cloak
 j - a +1 pair of boots (melded)
 A - a +0 pair of gloves (melded)
 E - a +2 hat (melded)
 J - a +0 cloak of cold resistance (melded)
Jewellery
 C - a +6 ring of dexterity (left front paw)
 D - a ring of resist corrosion
 F - a ring of poison resistance
 K - a +4 ring of protection (right front paw)
 L - a ring of protection from cold
 M - a ring of willpower
 O - a ring of flight
 Q - a ring of positive energy
Wands
 h - a wand of quicksilver (17)
 w - a wand of roots (11)
 N - a wand of polymorph (10)
 R - a wand of paralysis (4)
 S - a wand of flame (5)
Scrolls
 b - a scroll of immolation {unknown}
 c - 2 scrolls of blinking
 d - 3 scrolls of vulnerability
 f - 6 scrolls of teleportation
 g - 5 scrolls of enchant weapon
 k - a scroll of magic mapping
 n - a scroll of torment {unknown}
 o - a scroll of summoning
 s - a scroll of amnesia
 t - 2 scrolls of enchant armour
 y - 2 scrolls of poison
 B - 2 scrolls of fog
 H - 2 scrolls of fear
 I - a scroll of brand weapon
 P - a scroll of noise
Potions
 e - 2 potions of magic
 i - 2 potions of brilliance
 l - 3 potions of curing
 m - 2 potions of lignification
 p - 2 potions of haste
 q - a potion of berserk rage
 r - 2 potions of cancellation
 v - a potion of ambrosia
 x - 2 potions of resistance
 z - a potion of invisibility
 G - 3 potions of attraction


   Skills:
 - Level 16.0 Fighting
 + Level 8.3 Dodging
 - Level 4.0 Stealth
 + Level 17.6 Unarmed Combat
 - Level 4.0 Spellcasting
 - Level 6.0 Transmutations
 - Level 5.0 Ice Magic


You had 11 spell levels left.
You knew the following spells:

 Your Spells              Type           Power      Damage    Failure   Level
a - Beastly Appendage     Tmut           42%        N/A       1%          1
b - Wereblood             Tmut           21%        N/A       2%          2
c - Spider Form           Tmut/Pois      12%        N/A       16%         3
d - Ice Form              Ice/Tmut       19%        N/A       19%         4

Your spell library contained the following spells:

 Spells                   Type           Power      Damage    Failure   Level
 Passwall                 Tmut/Erth      10%        N/A       8%          2
 Apportation              Tloc           6%         N/A       19%         1
 Magic Dart               Conj           12%        1d3       19%         1
 Sandblast                Erth           6%         2d5       19%         1
 Blink                    Tloc           6%         N/A       26%         2
 Searing Ray              Conj           6%         2d4       26%         2
 Sublimation of Blood     Necr           3%         N/A       26%         2
 Petrify                  Tmut/Erth      12%        N/A       45%         4
 Lesser Beckoning         Tloc           3%         N/A       47%         3
 Stone Arrow              Conj/Erth      6%         3d7       47%         3
 Alistair's Intoxication  Tmut/Pois      8%         N/A       82%         5
 Irradiate                Conj/Tmut      6%         3d13      82%         5
 Fulminant Prism          Conj/Hex       1%         3d6       87%         4
 Iskenderun's Mystic Bla  Conj/Tloc      3%         2d3       87%         4
 Lee's Rapid Deconstruct  Erth           1%         3d5*      99%         5
 Manifold Assault         Tloc           3%         N/A       99%         5


Dungeon Overview and Level Annotations

Branches:
Dungeon (12/15)            Temple (1/1) D:5            Lair (5/5) D:10
  Swamp (0/4) Lair:2        Snake (0/4) Lair:3        Slime (0/5) Lair:5
    Orc (2/2) D:10            Elf (0/3) Orc:2         IceCv (visited)

Altars:
Ashenzari
Cheibriados
Dithmenos
Elyvilon
Fedhas
Gozag
Hepliaklqana
Kikubaaqudgha
Makhleb
Nemelex Xobeh
Okawaru
Qazlal
Ru
Sif Muna
Trog
Uskayaw
Vehumet
Wu Jian
Xom
Yredelemnul
Zin
The Shining One

Shops:
D:4 =   D:9 ([(   Orc:1 ?

Annotations:
D:8 1 runed translucent door, Wentworth's ghost, novice GnTm
D:9 2 transporters


Innate Abilities, Weirdness & Mutations

You are a creature of crystalline ice.
You have a powerful freezing melee attack.
You are amphibious.
Your maximum health is increased.
Your armour is entirely melded.
You are incapable of wielding weapons or throwing items.
((You can breathe blasts of scalding, opaque steam.))
((Your pale cyan-grey scales are hard. (AC +8)))
You cannot fit into any form of body armour.
((You are cold-blooded and may be slowed by cold attacks.))
((You are immune to the effects of steam.))


Message History

You spin and attack the orc priest repeatedly.
You hit the orc priest but do no damage.
The orc priest is almost dead.
You pummel the orc priest!! You freeze the orc priest.
You feel a bit better.
You kill the orc priest!
The Council accepts your kill.
The orc priest calls down the wrath of Beogh upon you.
Pain shoots through your body!
The orc wizard mumbles some strange words.
The orc wizard flickers and vanishes!
Deactivating autopickup; reactivate with Ctrl-A.
The orc sorcerer suddenly cheers.
The soul eater attacks as you move away!
The soul eater hits you!
You feel drained.
* * * LOW HITPOINT WARNING * * *
The soul eater draws from the surrounding life force!
* * * LOW HITPOINT WARNING * * *
The orc sorcerer gestures wildly while chanting.
Unknown command.
The orc priest casts a cantrip, but nothing happens.
The orc high priest starts to sing a prayer.
The orc sorcerer becomes larger for a moment.
Your muscles tense, ready for explosive movement...
Your supernatural speed expires.
As you read the scroll of fog, it crumbles to dust.
The scroll dissolves into smoke.
The orc wizard casts a spell.
The orc wizard flickers and vanishes!
The orc high priest utters an invocation to Beogh.
The orc high priest prays.
You howl as the wereblood boils in your veins!
The orc sorcerer casts a spell at you.
The bolt of fire hits the orc priest!!
The orc priest dies!
The bolt of fire hits you!! The fire burns you terribly!
* * * LOW HITPOINT WARNING * * *
Unknown command.
You fade into invisibility!
The soul eater draws from the surrounding life force!
You die...

##..........§§..3§§§.$.....
##...........§§§o§{§........
#............§§.§o§§§#......
###............oo.§§§§.#..... #
##..............o§.§§.^.......
#.##..............3....§.........
...............................$.
#.##..............$..).......#...
##.....#.......Y.$..).).........
##............#.....).<.)).......
#...................)).))))......
##.#................))...........
####..................).......#.
#.................)...........
#......#......................
#..........................#..
..................#...........


You could see a soul eater (summoned), an orc sorcerer, 3 orc warriors and an
orc priest (unable to see you).

Vanquished Creatures
  Gastronok (D:9)
  An orc warlord (Orc:1)
  An ettin (Orc:1)
  A fire dragon (Lair:5)
  Josephine (D:10)
  5 hydras
  A two-headed ogre (D:10)
  6 death yaks
  Urug (Lair:1)
  Amaemon (D:9)
  A bog body (IceCv)
  2 lindwurms
  Pikel (D:4)
  A necromancer (IceCv)
  An ugly thing (D:11)
  An orc knight (Orc:2)
  2 orc sorcerers
  6 black mambas
  15 elephants
  2 ice statues (IceCv)
  3 molten gargoyles (Lair:5)
  A torpor snail (Lair:4)
  An orange demon (D:9)
  11 cane toads
  9 komodo dragons
  8 ice devils (IceCv)
  6 rime drakes
  3 anaconda simulacra (IceCv)
  5 trolls
  4 polar bears
  2 hornets
  19 dream sheep
  14 blink frogs
  A shadow (D:8)
  8 wyverns
  5 wraiths
  39 yaks
  2 dire elephant simulacra (IceCv)
  Eustachio (D:4)
  4 basilisks
  Grum (D:9)
  A steam dragon (D:10)
  2 harpy simulacra (IceCv)
  2 hydra simulacra (IceCv)
  2 wargs (Orc:1)
  8 water moccasins
  Duvessa (D:5)
  3 hell hounds (Lair:5)
  23 orc warriors
  A black bear (D:6)
  An ice beast (D:8)
  2 sky beasts (D:7)
  2 ogres
  4 centaurs
  21 wolves
  A lemure (D:4)
  A kobold brigand (D:8)
  Blork the orc (D:5)
  A phantom (D:6)
  8 bullfrogs
  2 scorpions (D:5)
  A gnoll sergeant (D:12)
  2 two-headed ogre simulacra (IceCv)
  Dowan (D:5)
  6 killer bees (D:8)
  An electric eel (Lair:4)
  2 howler monkeys
  5 lava snakes (Lair:5)
  16 jellies
  2 hounds
  13 orc priests
  3 iguanas
  5 hell rats (Lair:5)
  28 orc wizards
  7 gnolls (D:4)
  7 adders
  A shadow imp (D:6)
  4 white imps
  2 ufetubi
  2 worms
  3 dart slugs
  53 orcs
  5 bats
  8 endoplasms
  A giant cockroach (D:2)
  9 goblins
  6 hobgoblins
  14 jackals
  14 kobolds
  6 quokkas
  15 ball pythons
  4 frilled lizards
  3 rats
534 creatures vanquished.

Vanquished Creatures (others)
  A hell hound (Lair:5)
  An orc priest (Orc:2)
  An orc wizard (Orc:2)
  30 fungi
  16 plants
49 creatures vanquished.

Grand Total: 583 creatures vanquished

Notes
Turn   | Place    | Note
-------+----------+-------------------------------------------
     0 | D:1      | growler the Draconian Transmuter began the quest for the
                  | Orb.
     0 | D:1      | Reached XP level 1. HP: 16/16 MP: 3/3
   338 | D:1      | Reached XP level 2. HP: 21/23 MP: 3/5
   341 | D:1      | Learned a level 2 spell: Wereblood
   612 | D:1      | Found a faded altar of an unknown god.
  1274 | D:2      | Reached XP level 3. HP: 28/28 MP: 4/6
  1280 | D:2      | Learned a level 3 spell: Spider Form
  1521 | D:2      | Found a burning altar of Makhleb.
  2387 | D:3      | Reached XP level 4. HP: 35/35 MP: 5/8
  2790 | D:3      | Identified the +7 whip of Integrity {vorpal, Stlth+}
  2807 | D:4      | Found Xaiducs's Jewellery Emporium.
  2850 | D:4      | Reached skill level 4 in Unarmed Combat
  2954 | D:4      | Reached XP level 5. HP: 30/40 MP: 7/9
  2958 | D:4      | Noticed Eustachio
  2975 | D:4      | Killed Eustachio
  2976 | D:4      | Reached skill level 5 in Unarmed Combat
  2976 | D:4      | Reached XP level 6. HP: 9/47 MP: 4/10
  3036 | D:4      | Learned a level 4 spell: Ice Form
  3543 | D:4      | Noticed Pikel
  3553 | D:4      | HP: 3/70 [Pikel/+2 whip of flaming (1)]
  3555 | D:4      | Killed Pikel
  3556 | D:4      | Reached skill level 8 in Unarmed Combat
  3556 | D:4      | Your scales start taking on a pale cyan-grey colour.
  3556 | D:4      | Reached XP level 7. HP: 7/52 MP: 4/11
  3556 | D:4      | Gained mutation: You are immune to the effects of steam.
                  | [Pale Draconian growth]
  4413 | D:5      | Entered Level 5 of the Dungeon
  4563 | D:5      | Noticed Blork the orc
  4574 | D:5      | Killed Blork the orc
  4575 | D:5      | Reached XP level 8. HP: 34/59 MP: 4/12
  4579 | D:5      | Reached skill level 9 in Unarmed Combat
  4822 | D:5      | Noticed Dowan
  4825 | D:5      | Noticed Duvessa
  4839 | D:5      | Killed Duvessa
  4840 | D:5      | Killed Dowan
  5025 | D:5      | Found a staircase to the Ecumenical Temple.
  5037 | Temple   | Entered the Ecumenical Temple
  5121 | D:5      | Reached skill level 10 in Unarmed Combat
  5849 | D:6      | Reached skill level 1 in Ice Magic
  6152 | D:6      | Found a glowing golden altar of the Shining One.
  6467 | D:7      | Reached XP level 9. HP: 27/68 MP: 14/14
  7055 | D:8      | Found a runed translucent door.
  7055 | D:8      | Noticed Wentworth's ghost (novice GnTm)
  7134 | D:8      | Reached skill level 5 in Transmutations
  7549 | D:8      | Found an ornate altar of the Wu Jian Council.
  7580 | D:8      | Became a worshipper of the Wu Jian Council
  7647 | D:8      | Reached skill level 5 in Fighting
  7647 | D:8      | Reached skill level 11 in Unarmed Combat
  8044 | D:8      | Found an ancient bone altar of Kikubaaqudgha.
  8051 | D:8      | Found an iron altar of Okawaru.
  8069 | D:8      | Found a burning altar of Makhleb.
  8115 | D:8      | Noticed a troll
  8124 | D:8      | Killed a troll
  8349 | D:8      | Reached XP level 10. HP: 81/81 MP: 11/16
  8830 | D:9      | Reached skill level 5 in Ice Magic
  9252 | D:9      | Noticed Grum
  9265 | D:9      | Killed Grum
  9384 | D:9      | Reached skill level 12 in Unarmed Combat
  9707 | D:9      | Found Wapnof's Armour Shoppe.
  9716 | D:9      | Bought a +0 pair of gloves for 54 gold pieces
  9775 | D:9      | Noticed Amaemon
  9780 | D:9      | Noticed an orange demon
  9781 | D:9      | Killed Amaemon
  9790 | D:9      | Killed an orange demon
  9935 | D:9      | Noticed a deep elf pyromancer
  9936 | D:9      | Noticed a centaur warrior
  9937 | D:9      | Found a transporter.
  9940 | D:9      | Found a transporter.
 10083 | D:9      | Found Zauth's Antique Weapon Boutique.
 10090 | D:9      | Noticed Gastronok
 10104 | D:9      | Killed Gastronok
 10105 | D:9      | Reached XP level 11. HP: 60/95 MP: 14/17
 10509 | D:9      | Found a snail-covered altar of Cheibriados.
 10651 | D:9      | Found Zaone's Weapon Boutique.
 10685 | D:9      | Found a sacrificial altar of Ru.
 10881 | D:9      | Noticed a fire crab
 10881 | D:9      | a yaktaur changed into a fire crab
 10882 | D:9      | a fire crab changed into a salamander
 10913 | D:10     | Entered Level 10 of the Dungeon
 10940 | D:10     | Reached * piety under Wu Jian
 11352 | D:10     | Found a staircase to the Orcish Mines.
 11729 | D:10     | Reached skill level 13 in Unarmed Combat
 11821 | D:10     | Reached skill level 10 in Fighting
 12117 | D:10     | Found a staircase to the Lair.
 12135 | D:10     | Noticed a two-headed ogre
 12140 | D:10     | Killed a two-headed ogre
 12353 | D:10     | Noticed Josephine
 12360 | D:10     | Killed Josephine
 12372 | D:10     | Reached ** piety under Wu Jian
 13187 | D:11     | Noticed a white ugly thing
 13192 | D:11     | Killed a white ugly thing
 13193 | D:11     | Reached skill level 14 in Unarmed Combat
 13700 | D:12     | Noticed a red ugly thing
 13963 | Lair:1   | Entered Level 1 of the Lair of Beasts
 13963 | Lair:1   | You fall into a shaft and drop 1 floor!
 13983 | Lair:2   | Reached XP level 12. HP: 111/111 MP: 13/18
 14144 | Lair:2   | Found a frozen archway.
 14156 | IceCv    | Entered an ice cave
 14853 | IceCv    | Reached *** piety under Wu Jian
 15016 | IceCv    | Reached skill level 15 in Unarmed Combat
 15821 | Lair:1   | Noticed Urug
 15834 | Lair:1   | Killed Urug
 16129 | Lair:1   | Noticed a six-headed hydra
 16134 | Lair:1   | Killed a six-headed hydra
 16623 | Lair:2   | Reached skill level 1 in Stealth
 17136 | Lair:2   | Found a staircase to the Swamp.
 17287 | Lair:2   | Reached XP level 13. HP: 58/123 MP: 19/19
 18205 | Lair:3   | Found a staircase to the Snake Pit.
 18400 | Lair:3   | Reached **** piety under Wu Jian
 18821 | Lair:3   | Reached skill level 16 in Unarmed Combat
 20487 | Lair:4   | Reached skill level 5 in Dodging
 20831 | Lair:4   | Found a glowing golden altar of the Shining One.
 20920 | Lair:4   | Reached ***** piety under Wu Jian
 21241 | Lair:4   | Identified a scroll of acquirement
 21242 | Lair:4   | Acquired 740 gold pieces
 21245 | Lair:5   | Entered Level 5 of the Lair of Beasts
 21263 | Lair:5   | Reached skill level 15 in Fighting
 21721 | Lair:5   | Found a staircase to the Slime Pits.
 21777 | Lair:5   | Reached XP level 14. HP: 135/135 MP: 9/20
 22052 | Lair:5   | Identified the +5 rapier "Quntonacw" {venom, rPois rN+++
                  | Int-5 SInv}
 22310 | Lair:5   | Reached skill level 17 in Unarmed Combat
 22935 | Lair:5   | Found a large runed translucent door.
 22935 | Lair:5   | Found a large runed translucent door.
 24387 | Orc:1    | Entered Level 1 of the Orcish Mines
 24469 | Orc:1    | Found Geoliy's Magic Scroll Shop.
 24927 | Orc:1    | Bought a scroll of fear for 68 gold pieces
 24973 | Orc:1    | Noticed an orc warlord
 24995 | Orc:1    | Killed an orc warlord
 25386 | Orc:2    | Entered Level 2 of the Orcish Mines
 25386 | Orc:2    | Found a shimmering altar of Xom.
 25881 | Orc:2    | Found a staircase to the Elven Halls.
 25908 | Orc:2    | Reached ****** piety under Wu Jian
 25916 | Orc:2    | HP: 6/158 [orc sorcerer/bolt of fire (33)]
 25919 | Orc:2    | Mangled by a soul eater

Illustrated notes

Levels and vault maps discovered:
D:1:      dpeg_arrival_rooms_a, layout_rooms,
          hellmonk_ecumenical_altar_dog_temple
D:2:      layout_loops_ring, basic_altar, uniq_crazy_yiuf_cottage
D:3:      layout_basic, fountainhead
D:4:      layout_basic, serial_shops, nicolae_shop_hallway_plus, uniq_pikel,
          uniq_eustachio
D:5:      layout_basic, minmay_temple_entry_nine_rooms, uniq_blork_the_orc,
          uniq_duvessa
D:6:      layout_cave_pools, nicolae_tso_swordbearing_angel
D:7:      layout_rooms
D:8:      layout_loops_ring, nicolae_wu_jian_wuxing_cycle,
          minmay_overflow_temple_star_quad, gammafunk_ghost_grave
D:9:      gammafunk_sealed_arena, layout_loops_corners,
          nicolae_ru_path_of_blood, amcnicky_altar_gilded, serial_shops,
          nicolae_shop_waterfront, shop_fountains, shop, uniq_grum,
          uniq_gastronok, uniq_amaemon
D:10:     layout_irregular_city, lair_entry_dummy, erik_orc_2, uniq_josephine
D:11:     layout_roguey, st_stairs_13
D:12:     minmay_the_grid_square_5x5_4x4_mashed
          [minmay_the_grid_square_5x5_forky, minmay_the_grid_square_5x5_three,
          minmay_the_grid_square_5x5_seven, minmay_the_grid_square_5x5_shrine1,
          minmay_the_grid_square_5x5_inset,
          minmay_the_grid_square_5x5_prize_open,
          minmay_the_grid_square_5x5_prize_itemx,
          minmay_the_grid_square_5x5_tetrominoes,
          minmay_the_grid_square_5x5_inverted_slash,
          minmay_the_grid_square_5x5_prize_deathbox,
          minmay_the_grid_square_5x5_prize_waves,
          minmay_the_grid_square_5x5_minibox,
          minmay_the_grid_square_5x5_bracketed,
          minmay_the_grid_square_5x5_n_small,
          minmay_the_grid_square_5x5_inner_v,
          minmay_the_grid_square_5x5_doubleslash], layout_stronghold
Temple:   minmay_freezing_vapour_temple
Lair:1:   layout_regular_city, chequers_serial_rivers_large_a,
          grunt_forest_small_clearing_treed, grunt_megastairs_4, uniq_urug
Lair:2:   layout_layer_cave, swamp_mist, portal_ice_cave_entry_pillars_1,
          serial_bayou_shore_b
Lair:3:   layout_regular_city, dummy_snake_entry
Lair:4:   layout_gridlike, basic_altar, grunt_megastairs_3
Lair:5:   cheibrodos_lair_end_hotspot, layout_regular_city,
          minmay_slime_entry_jelly_boxes, chequers_serial_rivers_micro_d
Orc:1:    layout_diamond_mine, ebering_ghost_rock_garden, serial_shops,
          nicolae_shop_trees
Orc:2:    st_orc_mages, layout_caves, ebering_ghost_rock_garden, basic_altar

Skill      XL: |  1  2  3  4  5  6  7  8  9 10 11 12 13 14 |
---------------+-------------------------------------------+-----
Transmutations | 3 4 6 |  6.0
Spellcasting   | 3 4 |  4.0
Unarmed Combat | 4 5 8 10 11 12 14 15 16 17 | 17.6
Ice Magic      | 2 4 5 |  5.0
Fighting       | 2 5 8 11 13 15 16 | 16.0
Dodging        | 2 6 8 |  8.3
Stealth        | 2 4 |  4.0

Action                   |  1- 3 |  4- 6 |  7- 9 | 10-12 | 13-15 || total
-------------------------+-------+-------+-------+-------+-------++-------
Melee: Unarmed           |   144 |   130 |   261 |   531 |   592 ||  1658
       Tailslap          |    14 |    10 |    18 |    30 |    20 ||    92
       Kick              |    22 |     7 |    11 |     5 |       ||    45
       Headbutt          |     8 |     7 |     7 |     2 |       ||    24
       Punch             |     1 |     2 |     9 |    15 |     8 ||    35
 Cast: Beastly Appendage |    21 |     3 |     9 |     3 |       ||    36
       Wereblood         |     3 |     3 |     3 |     9 |     8 ||    26
       Spider Form       |       |     3 |     6 |     1 |       ||    10
       Ice Form          |       |       |     5 |    31 |    38 ||    74
Invok: Lunge             |       |       |     3 |    40 |    48 ||    91
       Whirlwind         |       |       |       |    55 |   134 ||   189
       Serpent's Lash    |       |       |       |     1 |     5 ||     6
 Abil: Breathe Steam     |       |       |     8 |     7 |     2 ||    17
Evoke: Wand              |       |       |       |       |     1 ||     1
  Use: Scroll            |     2 |       |     7 |     5 |    10 ||    24
       Potion            |       |     1 |     2 |       |     3 ||     6
 Stab: Sleeping          |       |       |     1 |     1 |     4 ||     6
       Distracted        |       |       |       |     2 |       ||     2
Armor: Skin              |    47 |    23 |    88 |   123 |    90 ||   371
Dodge: Dodged            |    86 |   101 |   122 |   218 |   241 ||   768
